 Dungeon Crawl Stone Soup version 0.27-a0-328-g7f782ed93a (webtiles) character file.

Game seed: 204416023930757240

382 kae the Chopper (level 6, -3/55 HPs)
             Began as a Hill Orc Fighter on Feb 11, 2021.
             Was an Initiate of Qazlal.
             Slain by Prince Ribbit (13 damage)
             ... on level 4 of the Dungeon.
             The game lasted 00:02:45 (4127 turns).

kae the Chopper (Hill Orc Fighter)                  Turns: 4127, Time: 00:02:46

Health: -3/55      AC: 10    Str: 21    XL:     6   Next: 76%
Magic:  7/7        EV:  8    Int:  4    God:    Qazlal [......]
Gold:   327        SH:  9    Dex: 10    Spells: 5/5 levels left

rFire    . . .     SeeInvis .   a - +0 war axe
rCold    . . .     Faith    .   c - +0 kite shield
rNeg     . . .     Spirit   .   b - +0 scale mail
rPois    .         Reflect  .   l - +1 helmet
rElec    .         Harm     .   (no cloak)
rCorr    .         Rampage  .   h - +0 pair of gloves
Will     .....     Clarity  +   (no boots)
Stlth    ..........             (no amulet)
HPRegen  0.18/turn              (no ring)
MPRegen  0.10/turn              (no ring)

@: no status effects
A: clarity, deterioration 1, dopey 2
a: Renounce Religion


You were on level 4 of the Dungeon.
You worshipped Qazlal.
Qazlal was noncommittal.
You visited 1 branch of the dungeon, and saw 5 of its levels.

You collected 327 gold pieces.

Inventory:

Hand Weapons
 a - a +0 war axe (weapon)
Armour
 b - a +0 scale mail (worn)
 c - a +0 kite shield (worn)
 h - a +0 pair of gloves (worn)
 l - a +1 helmet (worn)
Wands
 n - a wand of acid (8)
 p - a wand of random effects (14)
Scrolls
 k - 2 scrolls of enchant armour
 o - 2 scrolls of identify
Potions
 d - 2 potions of might


   Skills:
 + Level 4.9 Fighting
 * Level 6.0 Axes
 + Level 4.5 Armour
 + Level 2.1 Dodging
 - Level 3.2 Shields
 + Level 1.7 Invocations


You had 5 spell levels left.
You didn't know any spells.
Your spell library was empty.

Dungeon Overview and Level Annotations

Branches:
Dungeon (5/15)
 Temple: D:4-7

Altars:
Fedhas
Okawaru
Qazlal
Ru

Annotations:
D:4 Edmund, Prince Ribbit


Innate Abilities, Weirdness & Mutations

You possess an exceptional clarity of mind.
Your body sometimes deteriorates upon taking damage.
You are very dopey. (Int -4)


Message History

Done waiting.
Done exploring.
Done exploring.
Level map cleared.
Key pressed, stopping explore.
You see here 27 arrows.
Prince Ribbit gives a loud, deep croak!
Prince Ribbit is nearby!
Prince Ribbit is nearby!
Prince Ribbit is nearby!
Prince Ribbit is nearby!
Prince Ribbit is nearby!
Prince Ribbit is nearby!
You closely miss Prince Ribbit. Prince Ribbit hits you!
You block Prince Ribbit's attack.
You barely miss Prince Ribbit.
Prince Ribbit blinks!
Prince Ribbit hops awkwardly around.
Prince Ribbit winks and puckers his lips.
You barely miss Prince Ribbit. You block Prince Ribbit's attack.
Prince Ribbit blinks!
Prince Ribbit hits you!
There is a stone staircase leading down here.
You closely miss Prince Ribbit. Prince Ribbit hits you!
Prince Ribbit closely misses you.
You are too injured to fight recklessly!
You are too injured to fight recklessly!
You are too injured to fight recklessly!
You are too injured to fight recklessly!
You are too injured to fight recklessly!
You are too injured to fight recklessly!
You are too injured to fight recklessly!
You are too injured to fight recklessly!
You barely miss Prince Ribbit. Prince Ribbit closely misses you.
Prince Ribbit hits you!
You closely miss Prince Ribbit. Prince Ribbit barely misses you.
Prince Ribbit hits you!
* * * LOW HITPOINT WARNING * * *
You completely miss Prince Ribbit. You block Prince Ribbit's attack.
Prince Ribbit hits you!
You die...

***,,,,,,,,,* *,,,,,****,####
*,,,,,,,,,..* *,,,,,***,*..≈≈
*,*,,,,**,..* **#.#***,*,.≈..
*,**,*,**,,.#****#.##*.*,,.≈._
*,**,*,**,,..,,,,...,...#,.≈..
*,**,*,***,#.,,,,...,....#..≈≈
****,**,*,*
*,#.****#.#*#....####
,,,,,**,*.###.#.### #.#
#........
*******,*......F@.###.#
#..#..... *,*####.........#
#..#.#.#. *******,*
#.....###.# #..#.....
,,,,,,,,****#.#.#.# #.#
#...(....
*******,,,,...#.#.###.#
#..#.#.##
*<,*###*#.#.....###..#.#.#
*,,* #............#.#.## *,,*
##########......... *,,*
#.###.....


You could see Prince Ribbit.

Vanquished Creatures
  A sky beast (D:3)
  A scorpion (D:4)
  A howler monkey (D:4)
  An orc wizard (D:4)
  A hound skeleton (D:5)
  A gnoll (D:3)
  5 adders
  A shadow imp (D:4)
  An ooze (D:2)
  An adder skeleton (D:4)
  3 dart slugs
  5 leopard geckos
  9 orcs
  8 bats
  7 goblins
  11 hobgoblins
  2 jackals (D:3)
  2 quokkas
  A ball python (D:3)
  7 frilled lizards
  9 kobolds
  6 rats
84 creatures vanquished.

Notes
Turn   | Place    | Note
-------+----------+-------------------------------------------
     0 | D:1      | kae the Hill Orc Fighter began the quest for the Orb.
     0 | D:1      | Reached XP level 1. HP: 19/19 MP: 1/1
    66 | D:1      | Reached skill level 3 in Axes
   183 | D:1      | Reached XP level 2. HP: 27/27 MP: 2/2
   667 | D:1      | Reached XP level 3. HP: 33/33 MP: 3/3
  1237 | D:2      | Found a faded altar of an unknown god.
  1243 | D:2      | Reached skill level 1 in Dodging
  1342 | D:2      | Reached skill level 4 in Axes
  1476 | D:2      | Reached XP level 4. HP: 40/40 MP: 4/4
  2262 | D:3      | Found an iron altar of Okawaru.
  2273 | D:3      | Reached XP level 5. HP: 39/47 MP: 5/5
  2434 | D:3      | Found a stormy altar of Qazlal.
  2454 | D:3      | Became a worshipper of Qazlal Stormbringer
  2726 | D:4      | Found a sacrificial altar of Ru.
  2747 | D:4      | Reached skill level 5 in Axes
  2921 | D:4      | Reached skill level 1 in Invocations
  2921 | D:4      | Reached XP level 6. HP: 39/53 MP: 6/6
  3361 | D:5      | Entered Level 5 of the Dungeon
  3366 | D:5      | Noticed Edmund
  3445 | D:5      | Noticed Prince Ribbit
  3447 | D:5      | Found a blossoming altar of Fedhas.
  3449 | D:5      | Noticed a sky beast
  3584 | D:4      | Gained mutation: You are dopey. (Int -2) [potion of
                  | mutation]
  3584 | D:4      | Gained mutation: Your body sometimes deteriorates upon
                  | taking damage. [potion of mutation]
  3584 | D:4      | Gained mutation: You are very dopey. (Int -4) [potion of
                  | mutation]
  3584 | D:4      | Gained mutation: You possess an exceptional clarity of
                  | mind. [potion of mutation]
  3612 | D:3      | Killed a sky beast
  3613 | D:3      | Reached skill level 6 in Axes
  4084 | D:4      | Found a sacrificial altar of Ru.
  4127 | D:4      | Slain by Prince Ribbit

Illustrated notes

Levels and vault maps discovered:
D:1:      elethiomel_arrival_infinity_welcomes_careful_drivers, layout_rooms,
          minmay_fountain_box
D:2:      layout_basic, chequers_ecumenical_altar_simple
D:3:      layout_rooms, grunt_qazlal_sundering, okawaru_altar_gauntlet_db
D:4:      layout_loops_ring, nicolae_ru_awakened_eye
D:5:      layout_layer_cave, nicolae_overflow_crystal_walls, serial_shops,
          nicolae_shop_stone, basic_altar, uniq_prince_ribbit1, uniq_edmund

Skill      XL: |  1  2  3  4  5  6 |
---------------+-------------------+-----
Axes           | 3 4 5 6 |  6.0
Fighting       | 4 |  4.9
Dodging        | 1 2 |  2.1
Armour         | 4 |  4.5
Invocations    | 1 |  1.7
Shields        | |  3.2

Action                   |  1- 3 |  4- 6 || total
-------------------------+-------+-------++-------
Melee: War axe           |   102 |   166 ||   268
  Use: Scroll            |       |     8 ||     8
       Potion            |       |     4 ||     4
Armor: Scale mail        |    65 |    90 ||   155
Dodge: Dodged            |    28 |    68 ||    96
Block: Kite shield       |    66 |    78 ||   144

Table legend: (Time is in decaauts)
 A = Elapsed time spent in this place.
 B = Non-inter-level travel time spent in this place.
 C = Inter-level travel time spent in this place.
 D = Time resting spent in this place.
 E = Time spent auto-exploring this place.
 F = Levels seen in this place.
 G = Mean time per level.
                   A        B        C        D        E       F      G
               +--------+--------+--------+--------+--------+-----+--------+
         Total |   4270 |   4144 |    126 |    884 |   2521 |   5 |  854.0 |
       Dungeon |   4270 |   4144 |    126 |    884 |   2521 |   5 |  854.0 |
               +--------+--------+--------+--------+--------+-----+--------+

Top non-repeatable levels by time:
     D:4: 1203 daAuts
     D:2: 1186 daAuts
     D:1: 937 daAuts
     D:3: 920 daAuts
     D:5: 22 daAuts
